 Dungeon Crawl Stone Soup version 0.17.0-24-gcfadda4 (webtiles) character file.

16785 UristPineapples the Fighter (level 12, -2/86 HPs)
             Began as a Gargoyle Fighter on Nov 17, 2015.
             Was a High Priest of Ru.
             Slain by Snorg (20 damage)
             ... on level 5 of the Lair of Beasts.
             The game lasted 00:45:08 (16769 turns).

UristPineapples the Fighter (Gargoyle Fighter)     Turns: 16769, Time: 00:45:08

Health: -2/86      AC: 20    Str: 25    XL:     12   Next: 41%
Magic:  10/10      EV:  6    Int: 10    God:    Ru [*****.]
Gold:   65         SH:  9    Dex: 11    Spells: 0 memorised, 11 levels left

rFire  . . .     SeeInvis +     E - +0 morningstar
rCold  + . .     Clarity  .     R - +0 plate armour
rNeg   + . .     SustAt   .     c - +0 shield
rPois  ∞         Gourm    .     (no helmet)
rElec  +         Spirit   .     (no cloak)
rCorr  .         Warding  .     (no gloves)
rMut   .         Stasis   .     (no boots)
MR     .....                    O - amulet of rage
Stlth  ..........               M - ring "Kirummes" {rC+ Str+3 Stlth-}
                                A - ring of see invisible

@: exhausted, no potions, drained, not resistant to hostile enchantments,
extremely unstealthy
A: low mp 1, negative energy resistance 1, electricity resistance, unbreathing,
petrification resistance, rot immunity, inability to drink while threatened,
hated by all, inexperienced 1, missing an eye, AC +8
a: Draw Out Power, Power Leap, Apocalypse, Renounce Religion, Evoke Berserk Rage


You were on level 5 of the Lair of Beasts.
You worshipped Ru.
Ru was extremely pleased with you.
You were not hungry.

You visited 3 branches of the dungeon, and saw 17 of its levels.

You collected 703 gold pieces.
You spent 638 gold pieces at shops.

Inventory:

Hand Weapons
 E - a +0 morningstar (weapon)
 X - a +0 blowgun
Missiles
 h - 65 poisoned needles
 C - 2 throwing nets (quivered)
Armour
 c - a +0 shield (worn)
 R - a +0 plate armour (worn)
Jewellery
 A - a ring of see invisible (left hand)
 M - the ring "Kirummes" (right hand) {rC+ Str+3 Stlth-}
   (You bought it in a shop on level 10 of the Dungeon)

   [ring of loudness]

   It affects your strength (+3).
   It protects you from cold.
   It makes you less stealthy.
 O - an amulet of rage (around neck)
 S - an uncursed ring of ice {unknown}
 Y - an uncursed amulet of the gourmand {unknown}
 Z - the amulet of Qazlal's Scorn {Ward +Inv rN+ Slay+2 Stlth-}
   (You bought it in a shop on level 10 of the Dungeon)

   [amulet of warding]

   It may prevent the melee attacks of summoned creatures.
   It affects your accuracy and damage with ranged weapons and melee attacks
   (+2).
   It protects you from negative energy.
   It lets you turn invisible.
   It makes you less stealthy.
Wands
 y - a wand of digging (7)
Scrolls
 f - 5 scrolls of magic mapping {unknown}
 i - a scroll of immolation {unknown}
 j - 2 scrolls of enchant armour {unknown}
 k - 7 scrolls of remove curse {unknown}
 l - 6 scrolls of fear {unknown}
 o - 4 scrolls of blinking {unknown}
 q - 11 scrolls of identify {unknown}
 u - 4 scrolls of teleportation {unknown}
 w - a scroll of summoning {unknown}
 x - 3 scrolls of enchant weapon {unknown}
 N - 4 scrolls of random uselessness {unknown}
 P - 3 scrolls of fog {unknown}
 Q - 2 scrolls of noise {unknown}
 T - a scroll of amnesia {unknown}
 V - a scroll of recharging {unknown}
Potions
 a - a potion of agility {unknown}
 d - 4 potions of might
 g - 2 potions of resistance {unknown}
 m - 7 potions of curing
 n - a potion of cure mutation {unknown}
 p - 4 potions of brilliance {unknown}
 r - 2 potions of haste {unknown}
 s - a potion of mutation {unknown}
 t - 3 potions of degeneration {unknown}
 v - a potion of cancellation {unknown}
 B - 3 potions of heal wounds {unknown}
 D - a potion of magic {unknown}
 F - a potion of invisibility {unknown}
 G - a potion of berserk rage {unknown}
 J - a potion of lignification {unknown}
 K - a potion of beneficial mutation {unknown}
 U - 2 potions of flight {unknown}
 W - a potion of poison {unknown}
Comestibles
 b - 2 slices of pizza
 e - 7 bread rations
 z - 7 beef jerkies
 H - 6 fruits
 I - 5 meat rations


   Skills:
 * Level 14.5(14.1) Fighting
 + Level 13.6(13.1) Maces & Flails
 - Level 3.2(2.9) Armour
 + Level 6.7(6.3) Dodging
 - Level 3.2(2.9) Shields


You had 11 spell levels left.
You didn't know any spells.

Dungeon Overview and Level Annotations

Branches:
Dungeon (11/15)            Temple (1/1) D:4            Lair (5/8) D:8
  Swamp (0/4) Lair:4       Spider (0/4) Lair:4
    Orc: D:9-12

Altars:
Cheibriados
Dithmenos
Elyvilon
Makhleb
Nemelex Xobeh
Okawaru
Qazlal
Ru
Vehumet
Xom
Yredelemnul

Shops:
D:8 !   D:10 =

Annotations:
D:3 Sigmund, Terence
Lair:1 exclusion: oklob plant
Lair:5 Nessos, Snorg


Innate Abilities, Weirdness & Mutations

You are resistant to torment.
Your stone body is resilient (AC +8).
You are immune to poison.
Your magical capacity is low (-10% MP).
You resist negative energy.
You are resistant to electric shocks.
You can survive without breathing.
You are immune to petrification.
You are immune to rotting.
You cannot drink potions while threatened.
You are hated by all.
You are somewhat inexperienced (-2 XL).
You are missing an eye, making it more difficult to aim.


Message History

Snorg bites you but does no damage. You block Snorg's attack.
Snorg claws you but does no damage.
Unknown command.
Nessos begins to cast a spell, but is stunned by your will! x2
Nessos begins to cast a spell, but is stunned by your will!
Snorg is stunned by your will and fails to attack.
Nessos shoots a poisoned arrow.
The poisoned arrow hits you!
* * * LOW HITPOINT WARNING * * *
The poisoned arrow burns you.
* * * LOW HITPOINT WARNING * * *
You see here a poisoned arrow.
You are restored by drawing out deep reserves of power within.
You feel drained. Snorg bites you!!
* * * LOW HITPOINT WARNING * * *
Snorg claws you.
* * * LOW HITPOINT WARNING * * *
You block Snorg's attack.
Nessos is stunned by your will and fails to attack.
Snorg bites you!!
You die...

..#..................P
.......P..#............
.......P..............
....#.......(..#...#..
...##.............#...
#.#........#.#.##...
#...........P.####.
#<.....#..#...# #.
#.@....#P.P...## ##
###Tc...........#
#...............#
..###.......#...P.(P#
.P.........#.#.#.#.###
.P.........(.#######
#..........##
##........%.###
#.............##


You could see Snorg (berserk) and Nessos (blind).

Vanquished Creatures
  Pikel (D:6)
  5 hill giants (D:10)
  A griffon (Lair:4)
  An elephant (D:8)
  Joseph (D:8)
  6 spiny frogs
  A torpor snail (Lair:4)
  5 komodo dragons
  2 trolls
  A jumping spider (Lair:4)
  Grinder (D:6)
  2 redbacks (Lair:4)
  19 yaks
  Eustachio (D:5)
  A hungry ghost (D:8)
  Menkaure (D:5)
  7 hippogriffs
  6 swamp worms (Lair:4)
  6 wolves (Lair:4)
  5 water moccasins
  3 ice beasts
  6 porcupines
  3 slaves (D:6)
  An eye of draining (D:9)
  3 orc warriors
  A black bear (D:8)
  2 phantoms
  A necrophage (D:4)
  4 ogres
  10 crocodiles
  5 big kobolds
  A gnoll sergeant (D:10)
  A scorpion (D:10)
  8 giant frogs
  3 electric eels
  6 crimson imps
  7 iguanas
  4 jellies
  A quasit (D:9)
  A centaur zombie (D:8)
  A giant frog zombie (D:10)
  10 orc wizards
  4 centaur skeletons
  3 hounds
  2 orc priests (D:7)
  A giant frog skeleton (D:4)
  Natasha (D:2)
  5 worker ants
  10 sheep
  A hound skeleton (D:4)
  11 adders
  45 river rats
  16 gnolls
  A shadow imp (D:5)
  2 worker ant zombies (D:9)
  An adder skeleton (D:5)
  5 worms
  38 orcs
  A ball python (D:6)
  7 giant cockroaches
  34 goblins
  24 hobgoblins
  9 jackals
  7 bats
  5 giant geckos
  3 giant newts
  15 kobolds
  A quokka (D:9)
  A quokka zombie (D:6)
  11 rats
  A rat zombie (D:6)
420 creatures vanquished.

Vanquished Creatures (others)
  A komodo dragon (Lair:3)
  A yak (Lair:4)
  A porcupine (Lair:2)
  A slave (D:6)
  A crocodile (Lair:3)
  A water moccasin skeleton (D:6)
  4 gnolls (D:6)
  An orc (D:6)
  7 fungi
18 creatures vanquished.

Grand Total: 438 creatures vanquished

Notes
Turn   | Place    | Note
--------------------------------------------------------------
     0 | D:1      | UristPineapples the Gargoyle Fighter began the quest for the Orb.
     0 | D:1      | Reached XP level 1. HP: 14/14 MP: 1/1
    88 | D:1      | Reached XP level 2. HP: 16/19 MP: 2/2
   359 | D:1      | Reached XP level 3. HP: 24/24 MP: 3/3
   508 | D:2      | Found a radiant altar of Vehumet.
   592 | D:2      | Found a white marble altar of Elyvilon.
  1326 | D:3      | Reached skill level 4 in Fighting
  1326 | D:3      | Reached XP level 4. HP: 13/29 MP: 4/4
  1528 | D:3      | Found a white marble altar of Elyvilon.
  1807 | D:3      | Noticed Natasha
  1849 | D:2      | Killed Natasha
  1849 | D:2      | Reached XP level 5. HP: 29/34 MP: 5/5
  1992 | D:3      | Found a sacrificial altar of Ru.
  2063 | D:3      | Became a worshipper of Ru the Awakened
  2192 | D:3      | Noticed Terence
  2195 | D:3      | Noticed Sigmund
  2218 | D:4      | Noticed a necrophage
  2235 | D:4      | Killed a necrophage
  2235 | D:4      | Reached skill level 5 in Fighting
  2235 | D:4      | Reached skill level 5 in Maces & Flails
  2235 | D:4      | Reached XP level 6. HP: 22/40 MP: 6/6
  2530 | D:4      | Noticed an ogre
  2619 | D:4      | Killed an ogre
  2619 | D:4      | Reached skill level 6 in Maces & Flails
  2800 | D:4      | Reached XP level 7. HP: 37/44 MP: 7/7
  2991 | D:4      | Found a staircase to the Ecumenical Temple.
  2996 | Temple   | Entered the Ecumenical Temple
  3326 | D:4      | Found a stormy altar of Qazlal.
  3916 | D:4      | Reached skill level 7 in Maces & Flails
  3924 | D:4      | Reached XP level 8. HP: 32/52 MP: 8/8
  4426 | D:5      | Entered Level 5 of the Dungeon
  4476 | D:5      | Noticed Menkaure
  4499 | D:5      | Killed Menkaure
  4499 | D:5      | Reached skill level 8 in Maces & Flails
  4566 | D:5      | Noticed Eustachio
  4624 | D:5      | Found an iron altar of Okawaru.
  4699 | D:5      | Killed Eustachio
  4942 | D:5      | Found a sacrificial altar of Ru.
  5350 | D:6      | Noticed Pikel
  5390 | D:6      | Killed Pikel
  5390 | D:6      | Reached skill level 9 in Maces & Flails
  5390 | D:6      | Reached XP level 9. HP: 27/59 MP: 9/9
  5601 | D:6      | Noticed Grinder
  5604 | D:6      | Paralysed by Grinder for 6 turns
  5612 | D:6      | Found a sand-covered staircase.
  5614 | D:6      | Killed Grinder
  5614 | D:6      | Reached skill level 10 in Maces & Flails
  5686 | D:6      | Found a glowing drain.
  5797 | D:6      | Gained mutation: You are hated by all. [Ru sacrifice]
  5797 | D:6      | Reached * piety under Ru
  6813 | D:7      | You fall through a shaft for 2 floors!
  6876 | D:8      | Found Kufrumu's Distillery.
  6906 | D:8      | Found a basalt altar of Yredelemnul.
  7105 | D:7      | Found a burning altar of Makhleb.
  7931 | D:7      | Reached skill level 11 in Maces & Flails
  7931 | D:7      | Reached skill level 1 in Dodging
  8049 | D:8      | Found a staircase to the Lair.
  8049 | D:8      | Noticed an elephant
  8077 | D:8      | Reached XP level 10. HP: 51/66 MP: 10/10
  8322 | D:8      | Noticed Joseph
  8342 | D:8      | Killed Joseph
  8456 | D:8      | Killed an elephant
  8993 | D:9      | Reached skill level 10 in Fighting
  9018 | D:9      | Reached skill level 12 in Maces & Flails
  9036 | D:9      | Gained mutation: You are somewhat inexperienced (-2 XL). [Ru sacrifice]
  9036 | D:9      | Reached XP level 9. HP: 20/63 MP: 9/9
  9036 | D:9      | Reached XP level 8. HP: 20/58 MP: 8/8
  9036 | D:9      | Reached ** piety under Ru
  9298 | D:10     | Entered Level 10 of the Dungeon
  9372 | D:10     | Noticed a centaur skeleton
  9393 | D:10     | Killed a centaur skeleton
  9393 | D:10     | Reached XP level 9. HP: 59/63 MP: 9/9
  9428 | D:10     | Noticed a centaur skeleton
  9443 | D:10     | Killed a centaur skeleton
  9646 | D:10     | Found Oliprapn's Jewellery Emporium.
  9656 | D:10     | Bought the amulet of Qazlal's Scorn {Ward +Inv rN+ Slay+2 Stlth-} for 360 gold pieces
  9789 | D:10     | Noticed a hill giant
  9799 | D:10     | Killed a hill giant
  9971 | D:10     | Noticed a hill giant
  9997 | D:10     | Killed a hill giant
 10141 | D:10     | Noticed a hill giant
 10153 | D:10     | Killed a hill giant
 10153 | D:10     | Reached XP level 10. HP: 70/70 MP: 10/10
 10549 | D:11     | Noticed a cyan ugly thing
 11278 | Lair:1   | Entered Level 1 of the Lair of Beasts
 11500 | Lair:1   | Gained mutation: Your magical capacity is low (-10% MP). [Ru sacrifice]
 11500 | Lair:1   | Reached *** piety under Ru
 11660 | Lair:1   | Reached skill level 5 in Dodging
 11742 | Lair:1   | Noticed an oklob plant
 11824 | Lair:1   | Reached XP level 11. HP: 65/76 MP: 9/9
 13322 | Lair:2   | Reached skill level 13 in Fighting
 13646 | Lair:3   | Gained mutation: You cannot drink potions while threatened. [Ru sacrifice]
 13646 | Lair:3   | Reached **** piety under Ru
 14510 | D:10     | Noticed a hill giant
 14524 | D:10     | Killed a hill giant
 14553 | D:10     | Noticed a hill giant
 14571 | D:10     | Killed a hill giant
 14664 | D:10     | Bought the ring "Kirummes" {rC+ Str+3 Stlth-} for 278 gold pieces
 15295 | Lair:4   | Reached XP level 12. HP: 72/84 MP: 10/10
 15443 | Lair:4   | Reached skill level 14 in Fighting
 15792 | Lair:4   | Found a staircase to the Swamp.
 15946 | Lair:4   | Gained mutation: You are missing an eye, making it more difficult to aim. [Ru sacrifice]
 15946 | Lair:4   | Reached ***** piety under Ru
 16236 | Lair:4   | Found a hole to the Spider Nest.
 16746 | Lair:5   | Noticed Snorg
 16757 | Lair:5   | Noticed Nessos
 16769 | Lair:5   | Slain by Snorg

Action                   |  1- 3 |  4- 6 |  7- 9 | 10-12 || total
-------------------------+-------+-------+-------+-------++-------
Melee: Flail             |   142 |   156 |    79 |       ||   377
       Morningstar       |       |       |   603 |   840 ||  1443
       Whip              |       |       |    15 |       ||    15
 Fire: Blowgun           |       |       |       |    17 ||    17
Throw: Throwing net      |       |       |     6 |     5 ||    11
Invok: Reject Sacrifices |       |       |     1 |       ||     1
       Sacrifice Experie |       |       |     1 |       ||     1
       Sacrifice Love    |       |       |     1 |       ||     1
       Sacrifice Essence |       |       |       |     1 ||     1
       Sacrifice Drink   |       |       |       |     1 ||     1
       Draw Out Power    |       |       |       |     1 ||     1
       Sacrifice an Eye  |       |       |       |     1 ||     1
 Abil: Evoke Berserk Rag |       |       |     3 |     9 ||    12
Evoke: Wand              |       |     3 |     6 |     4 ||    13
 Stab: Paralysed         |       |     1 |       |       ||     1
       Confused          |       |     2 |       |     2 ||     4
       Held in net/web   |       |       |     2 |       ||     2
       Invisible         |       |       |     1 |     7 ||     8
       Distracted        |       |       |     1 |     1 ||     2
  Eat: Chunk             |     2 |     5 |    14 |    21 ||    42
       Bread ration      |       |       |     1 |     1 ||     2
       Meat ration       |       |       |     1 |     1 ||     2
       Beef jerky        |       |       |       |     3 ||     3
